 Dungeon Crawl Stone Soup version 0.23-a0-636-g0ff605794f (webtiles) character file.

8085 Napalmbreeze the Thaumaturge (level 11, -1/84 HPs)
             Began as a Barachi Ice Elementalist on Dec 26, 2018.
             Was an Elder of Sif Muna.
             Slain by a wyvern (10 damage)
             ... on level 3 of the Lair of Beasts on Dec 28, 2018.
             The game lasted 00:56:53 (12799 turns).

Napalmbreeze the Thaumaturge (BaIE)                Turns: 12799, Time: 00:56:54

Health: -1/84      AC:  6    Str: 10    XL:     11   Next: 25%
Magic:  18/25      EV: 14    Int: 18    God:    Sif Muna [****..]
Gold:   832        SH:  5    Dex: 13    Spells: 19/30 levels left

rFire    + . .     SeeInvis .   y - +2 spear (freeze)
rCold    . . .     Gourm    .   H - +0 buckler
rNeg     + . .     Faith    .   J - +1 robe {rF+}
rPois    +         Spirit   .   C - +0 helmet
rElec    .         Reflect  .   (no cloak)
rCorr    .         Harm     .   (no gloves)
MR       .....                  O - +1 pair of boots
Stlth    ++........             m - amulet of regeneration
HPRegen  0.64/turn              g - ring of poison resistance
MPRegen  0.19/turn              s - ring of positive energy

@: slow
A: +LOS, swims, slowness 1, strong legs 1
a: Hop, Divine Energy, Channel Magic, Forget Spell, Renounce Religion


You were on level 3 of the Lair of Beasts.
You worshipped Sif Muna.
Sif Muna was greatly pleased with you.
You were not hungry.

You visited 3 branches of the dungeon, and saw 14 of its levels.
You also visited: Ossuary.

You collected 832 gold pieces.

Inventory:

Hand Weapons
 r - a +0 blowgun
 y - a +2 spear of freezing (weapon)
 M - the +0 whip of Neufiat {elec, rElec Dex+2}
   (You found it on level 10 of the Dungeon)

   Occasionally, upon striking a foe, it will discharge some electrical energy
   and cause terrible harm.
   It affects your dexterity (+2).
   It insulates you from electricity.
Missiles
 t - 28 poisoned needles
Armour
 C - a +0 helmet (worn)
 E - the +2 robe of Rokoy {rF- rN+ MR+}
   (You found it on level 8 of the Dungeon)

   It makes you vulnerable to fire.
   It protects you from negative energy.
   It affects your resistance to hostile enchantments.
 H - a +0 buckler (worn)
 J - a +1 robe of fire resistance (worn)
 O - a +1 pair of boots (worn)
Jewellery
 a - a +2 ring of evasion {unknown}
 g - a ring of poison resistance (left hand)
 m - an amulet of regeneration (around neck)
 n - an uncursed ring of resist corrosion
 s - a ring of positive energy (right hand)
 Q - an uncursed ring of positive energy
Wands
 F - a wand of iceblast (2)
 K - a wand of flame (7)
 P - a wand of clouds (4)
Scrolls
 e - 5 scrolls of fear
 f - 10 scrolls of teleportation
 i - 6 scrolls of enchant armour
 l - 10 scrolls of remove curse
 o - 3 scrolls of amnesia
 p - 2 scrolls of fog
 q - a scroll of identify
 v - 2 scrolls of magic mapping
 G - 2 scrolls of silence
 I - a scroll of enchant weapon
 L - 2 scrolls of immolation {unknown}
Potions
 b - 2 potions of invisibility {unknown}
 d - 5 potions of lignification
 h - 3 potions of haste
 j - a potion of ambrosia {unknown}
 k - 3 potions of brilliance
 u - 2 potions of heal wounds
 w - a potion of resistance {unknown}
 x - 5 potions of might
 z - 8 potions of curing
 A - 2 potions of agility
 B - 4 potions of mutation {unknown}
 D - 4 potions of flight {unknown}
Comestibles
 c - 24 rations
 N - 4 chunks of flesh


   Skills:
 + Level 7.1 Fighting
 - Level 5.0 Dodging
 - Level 1.7 Stealth
 - Level 4.6 Shields
 - Level 10.0 Spellcasting
 - Level 1.1 Conjurations
 + Level 9.5 Summonings
 - Level 7.2 Ice Magic
 - Level 6.2 Air Magic


You had 19 spell levels left.
You knew the following spells:

 Your Spells              Type           Power        Failure   Level  Hunger
a - Freeze                Ice            ####         1%          1    None
c - Summon Lightning Spi  Summ/Air       #####...     3%          4    ###....
q - Summon Ice Beast      Ice/Summ       #####...     2%          4    ###....
s - Throw Frost           Conj/Ice       ###...       2%          2    None

Your spell library contained the following spells:

 Spells                   Type           Power        Failure   Level  Hunger
 Summon Small Mammal      Summ           ####         1%          1    None
 Call Imp                 Summ           #####...     1%          2    None
 Call Canine Familiar     Summ           #####...     1%          3    None
 Recall                   Summ/Tloc      N/A          3%          3    None
 Summon Guardian Golem    Hex/Summ       ####....     3%          3    None
 Aura of Abjuration       Summ           #####.....   4%          5    #####..
 Summon Demon             Summ           #####.....   4%          5    #####..
 Ozocubu's Armour         Chrm/Ice       ###.....     5%          3    None
 Animate Skeleton         Necr           N/A          8%          1    None
 Apportation              Tloc           #.....       8%          1    None
 Confusing Touch          Hex            #.....       8%          1    None
 Throw Icicle             Conj/Ice       ###.....     14%         4    ###....
 Shadow Creatures         Summ           N/A          24%         6    ######.
 Summon Forest            Summ/Tloc      ####......   30%         5    #####..
 Summon Mana Viper        Hex/Summ       ####....     30%         5    #####..


Dungeon Overview and Level Annotations

Branches:
Dungeon (10/15)            Temple (1/1) D:4            Lair (3/6) D:8
    Orc (0/2) D:10
  Swamp: Lair:2-4    Shoals: Lair:2-4     Snake: Lair:2-4    Spider: Lair:2-4

Altars:
Ashenzari
Cheibriados
Dithmenos
Elyvilon
Fedhas
Gozag
Hepliaklqana
Kikubaaqudgha
Makhleb
Nemelex Xobeh
Okawaru
Qazlal
Ru
Sif Muna
Trog
Uskayaw
Vehumet
Wu Jian
Xom
Yredelemnul
Zin
The Shining One

Shops:
D:5 :   D:10 [(

Annotations:
D:10 exclusion: obsidian statue, Fannar
Lair:2 3 runed doors, temitten's ghost, journeyman FoFi


Innate Abilities, Weirdness & Mutations

Shadows flee at your approach. (+LOS)
You can swim through water.
You cover ground slowly.
You can hop short distances.


Message History

The bolt of electricity hits the wyvern.
Your ice beast barely misses the wyvern.
You hit the wyvern. You freeze the wyvern.
The wyvern is almost dead.
The wyvern bites you!
* * * LOW HITPOINT WARNING * * *
The wyvern bites you!
* * * LOW HITPOINT WARNING * * *
Your ice beast hits the wyvern but does no damage.
Casting: Summon Lightning Spire (safe; 3% risk of failure)
Confirm with . or Enter, or press ? or * to list all spells.
Aiming: Freeze (safe; 1% risk of failure)
Press: ? - help, Shift-Dir - straight line, f - wyvern
Aim: a wyvern (almost dead)
You freeze the wyvern.
The wyvern is almost dead.
You block the wyvern's attack.
Your ice beast barely misses the wyvern.
The wyvern bites you!
You die...

#.....#...#..#........
####.#....#..+.^.......
#..(...#.#......P......
##.P.##.......#........
#.....#.....P##...÷<..
##.P...#.##...###......
..######........#....#
#>.....
........'.#.###.....##
#......
#.P..##P#..†.@#8....#
##..... ###
####.###l##+### #...###
### ##Y..# ##.##
#.P+..# ##+##
#.......†..# ......
#...........# .......
#...[......... ..)....
#...........#.#........
##..........#.# ......


You could see a wyvern and a friendly ice beast.

Vanquished Creatures
  A water moccasin (Lair:1)
  A porcupine (Lair:1)
  3 orc warriors
  A black bear (D:6)
  A sky beast (D:8)
  An ogre (D:7)
  A crocodile (Lair:2)
  3 bullfrogs
  5 killer bees
  A vampire bat (D:6)
  4 crimson imps
  3 orc priests
  3 hounds
  A jelly (D:7)
  2 bullfrog skeletons
  3 iguanas
  2 worker ants
  A statue (D:6)
  4 mummies (Ossuary)
  A worker ant zombie (D:5)
  2 howler monkey skeletons
  A gnoll (D:3)
  11 adders
  A shadow imp (D:10)
  2 adder skeletons
  3 dart slugs
  5 leopard geckos
  14 orcs
  2 ball pythons
  4 bat skeletons (D:6)
  A bat zombie (D:6)
  6 giant cockroaches
  6 hobgoblins
  4 jackals (D:4)
  5 kobolds
  3 quokkas
  6 bats
  5 frilled lizards
  A gnoll skeleton (Ossuary)
  8 goblins
  2 goblin skeletons (Ossuary)
  A hobgoblin zombie (D:6)
  2 kobold skeletons (Ossuary)
  2 leopard gecko skeletons
  5 orc skeletons
  A quokka zombie (D:7)
  6 rats
  8 rat skeletons (Ossuary)
159 creatures vanquished.

Vanquished Creatures (collateral kills)
  2 hydras (Lair:2)
  3 elephants
  A black mamba (Lair:1)
  2 spiny frogs
  5 komodo dragons
  A slime creature (Lair:2)
  3 blink frogs (Lair:3)
  6 hippogriffs
  Sigmund (D:4)
  A wyvern (Lair:3)
  A basilisk (Lair:2)
  A hungry ghost (D:7)
  4 water moccasins
  2 porcupines
  An orc warrior (D:8)
  A black bear (D:8)
  3 ogres
  2 ice beasts
  A sky beast (D:7)
  3 centaurs
  3 crocodiles
  A big kobold (D:9)
  7 bullfrogs
  A wyvern zombie (D:7)
  5 scorpions
  10 killer bees
  A howler monkey (D:6)
  A crimson imp (D:5)
  A bullfrog zombie (D:6)
  A quasit (D:10)
  2 bullfrog skeletons (D:5)
  4 orc priests
  4 hounds
  11 jellies
  4 orc wizards
  2 worker ants
  A hound zombie (D:8)
  9 mummies (Ossuary)
  5 gnolls
  3 adders
  5 shadow imps
  11 oozes (Lair:2)
  A dart slug (D:4)
  23 orcs
  A giant cockroach (D:8)
  A ball python (D:5)
  A goblin zombie (D:6)
  2 hobgoblin zombies (D:6)
  2 kobold skeletons (D:6)
  A leopard gecko zombie (D:6)
  An orc skeleton (D:6)
  An orc zombie (D:6)
  3 rat skeletons (Ossuary)
  2 fungi (Lair:2)
175 creatures vanquished.

Vanquished Creatures (others)
  3 fungi
3 creatures vanquished.

Grand Total: 337 creatures vanquished

Notes
Turn   | Place    | Note
-------+----------+-------------------------------------------
     0 | D:1      | Napalmbreeze the Barachi Ice Elementalist began the quest
                  | for the Orb.
     0 | D:1      | Reached XP level 1. HP: 13/13 MP: 3/3
   220 | D:1      | Reached XP level 2. HP: 6/19 MP: 0/5
  1102 | D:1      | Reached XP level 3. HP: 22/24 MP: 2/6
  1313 | D:2      | Reached skill level 5 in Ice Magic
  1565 | D:2      | Reached skill level 3 in Spellcasting
  1565 | D:2      | Reached XP level 4. HP: 24/30 MP: 4/8
  1697 | D:1      | Learned a level 4 spell: Summon Ice Beast
  1697 | D:1      | Upgraded the game from 0.23-a0-629-gae4348f6cf to
                  | 0.23-a0-635-g88ca12a7de
  1957 | D:2      | Learned a level 2 spell: Throw Frost
  1965 | D:2      | Reached skill level 1 in Summonings
  1967 | D:2      | Reached XP level 5. HP: 30/35 MP: 1/9
  2171 | D:2      | Upgraded the game from 0.23-a0-635-g88ca12a7de to
                  | 0.23-a0-636-g0ff605794f
  2273 | D:3      | Found a burning altar of Makhleb.
  2273 | D:3      | Found a snail-covered altar of Cheibriados.
  3122 | D:4      | Found a sand-covered staircase.
  3129 | Ossuary  | Entered an ossuary
  3369 | Ossuary  | Reached XP level 6. HP: 41/41 MP: 0/11
  4270 | D:4      | Reached skill level 4 in Spellcasting
  4281 | D:4      | Found a staircase to the Ecumenical Temple.
  4297 | Temple   | Entered the Ecumenical Temple
  4404 | Temple   | Became a worshipper of Sif Muna the Loreminder
  4434 | D:4      | Noticed Sigmund
  4444 | D:4      | Killed Sigmund
  4547 | D:4      | Reached XP level 7. HP: 46/46 MP: 0/13
  4734 | D:5      | Entered Level 5 of the Dungeon
  4882 | D:5      | Found a hide-covered altar of Uskayaw.
  4985 | D:5      | Found a shattered altar of Ashenzari.
  5004 | D:5      | Reached skill level 5 in Spellcasting
  5127 | D:5      | Reached * piety under Sif Muna
  5152 | D:5      | Reached skill level 5 in Summonings
  5157 | D:5      | Reached XP level 8. HP: 30/52 MP: 2/16
  5510 | D:5      | Found Panwoimn's Book Shoppe.
  5651 | D:6      | Reached skill level 6 in Spellcasting
  5719 | D:6      | Found a glowing golden altar of the Shining One.
  6030 | D:6      | Reached ** piety under Sif Muna
  6224 | D:6      | Found a radiant altar of Vehumet.
  6263 | D:6      | Found a shimmering altar of Xom.
  6470 | D:6      | Found an ancient bone altar of Kikubaaqudgha.
  6517 | D:6      | Found an opulent altar of Gozag.
  6727 | D:7      | Reached skill level 7 in Spellcasting
  6927 | D:7      | Reached XP level 9. HP: 41/57 MP: 11/20
  6975 | D:7      | Reached skill level 8 in Spellcasting
  6980 | D:7      | Reached skill level 1 in Fighting
  7712 | D:8      | Reached *** piety under Sif Muna
  7939 | D:8      | Found a staircase to the Lair.
  8004 | D:8      | Found a stormy altar of Qazlal.
  8142 | D:8      | Got a heavily jewelled robe
  8153 | D:8      | Identified the +2 robe of Rokoy {rF- rN+ MR+} (You found it
                  | on level 8 of the Dungeon)
  8177 | D:8      | Found a blossoming altar of Fedhas.
  8286 | D:8      | Found a sacrificial altar of Ru.
  8895 | D:9      | Reached skill level 1 in Shields
  9223 | D:9      | Learned a level 4 spell: Summon Lightning Spire
  9224 | D:10     | Entered Level 10 of the Dungeon
  9224 | D:10     | Noticed Fannar
  9372 | D:10     | Got an ichor-stained whip
  9373 | D:10     | Identified the cursed +0 whip of Neufiat {elec, rElec
                  | Dex+2} (You found it on level 10 of the Dungeon)
  9515 | D:10     | Found Piut Judgh's Armour Shoppe.
  9548 | D:10     | Reached skill level 5 in Dodging
  9553 | D:10     | Reached skill level 1 in Air Magic
  9793 | D:10     | Found a staircase to the Orcish Mines.
  9795 | D:10     | Found Tyukhlor's Weapon Shoppe.
  9835 | D:10     | Reached XP level 10. HP: 44/73 MP: 9/22
  9977 | D:10     | Reached skill level 5 in Fighting
  9982 | D:10     | Reached skill level 9 in Spellcasting
 10083 | D:10     | Noticed an obsidian statue
 10470 | Lair:1   | Entered Level 1 of the Lair of Beasts
 10470 | Lair:1   | Noticed a black mamba
 10476 | Lair:1   | Killed a black mamba
 11008 | Lair:1   | Reached **** piety under Sif Muna
 11326 | Lair:2   | Noticed an eight-headed hydra
 11335 | Lair:2   | Killed an eight-headed hydra
 11482 | Lair:2   | Noticed a five-headed hydra
 11489 | Lair:2   | Killed a five-headed hydra
 11499 | Lair:2   | Reached skill level 5 in Air Magic
 11638 | Lair:2   | Reached skill level 10 in Spellcasting
 11709 | Lair:2   | Found a runed gate.
 11709 | Lair:2   | Found a runed gate.
 11710 | Lair:2   | Found a runed gate.
 11715 | Lair:2   | Noticed a spectral five-headed hydra
 11715 | Lair:2   | Noticed temitten's ghost (journeyman FoFi)
 11715 | Lair:2   | Noticed a spectral death yak
 11719 | Lair:2   | Noticed a spectral five-headed hydra
 11897 | Lair:2   | Noticed a spiny frog
 11909 | Lair:2   | Killed a spiny frog
 12169 | Lair:2   | Reached XP level 11. HP: 80/80 MP: 20/25
 12189 | Lair:2   | Reached ***** piety under Sif Muna
 12431 | Lair:3   | Received a gift from Sif Muna
 12799 | Lair:3   | Slain by a wyvern

Vault maps used:
D:1:      dpeg_arrival_rooms_a, roderic_serpentine_path
D:3:      gammafunk_temple_overflow_wave, first_ration
D:4:      minmay_temple_entry_trees, nicolae_ossuary_entry_false_entrances,
          uniq_sigmund
D:5:      nicolae_ashenzari_panopticon, lemuel_coloured_pillars_altar,
          serial_shops, kennysheep_mini, minmay_chambers_of_fives
D:6:      kennysheep_little_box, lemuel_round_altar,
          nicolae_tso_besieged_by_evil, vehumet_statue,
          kennysheep_vampire_church, minmay_misc_feat_columns
D:8:      lemuel_round_altar, fedhas_altar_1, nicolae_qazlal_general_emergency,
          lair_entry_dummy
D:9:      blue_anna_alchemist, grunt_decor_one_mirror
D:10:     orc_david_3, minmay_statue_bubble, uniq_fannar
Temple:   compressed_dpeg_circular_temple
Lair:1:   st_stairs_6, chequers_serial_rivers_small_a
Lair:2:   lemuel_slime, gammafunk_ghost_necromancy
Lair:3:   nicolae_swamp_entry_splash_gauntlet, spider_nest_entry_rubble,
          special_room
Ossuary:  ossuary_due_small_catacomb

Skill      XL: |  1  2  3  4  5  6  7  8  9 10 11 |
---------------+----------------------------------+-----
Ice Magic      | 4 5 6 7 |  7.2
Spellcasting   | 3 4 5 7 8 10 | 10.0
Summonings     | 1 2 3 5 8 9 |  9.5
Fighting       | 4 5 7 |  7.1
Dodging        | 5 |  5.0
Shields        | 2 4 |  4.6
Air Magic      | 1 6 |  6.2
Stealth        | |  1.7
Conjurations   | |  1.1

Action                   |  1- 3 |  4- 6 |  7- 9 | 10-12 || total
-------------------------+-------+-------+-------+-------++-------
Melee: Unarmed           |     4 |       |       |       ||     4
       Spear             |       |   150 |   360 |    79 ||   589
       Whip              |       |       |     2 |       ||     2
 Fire: Blowgun           |       |       |       |     5 ||     5
 Cast: Freeze            |    43 |    42 |    34 |    19 ||   138
       Throw Frost       |       |    16 |    26 |       ||    42
       Summon Ice Beast  |       |    16 |    80 |    52 ||   148
       Summon Lightning  |       |       |       |    19 ||    19
Invok: Divine Energy     |       |       |     1 |     1 ||     2
       Stop Divine Energ |       |       |     1 |     1 ||     2
 Abil: Hop               |       |       |     2 |     1 ||     3
Evoke: Wand              |       |       |     1 |     3 ||     4
  Use: Scroll            |       |     6 |    15 |       ||    21
       Potion            |       |       |     3 |     1 ||     4
 Stab: Sleeping          |       |    10 |     2 |     1 ||    13
       Distracted        |       |     1 |     2 |     2 ||     5
  Eat: Chunk             |     3 |    11 |    26 |    13 ||    53
       Ration            |       |     1 |     1 |     1 ||     3
Armor: Robe              |    16 |    16 |    54 |    12 ||    98
       Skin              |       |       |     5 |       ||     5
Dodge: Dodged            |    37 |    57 |   226 |    70 ||   390
Block: Buckler           |       |       |       |    13 ||    13

Table legend:
 A = Non-vault XP
 B = Vault XP
 C = Vault XP percentage of total XP
 D = Non-vault monster count
 E = Vault monster count
 F = Vault count percentage of total count
                 A         B        C        D         E       F
            +---------+---------+-------+---------+---------+-------
      Total |   10465 |    1085 |   9.4 |     251 |      81 |  24.4
            +---------+---------+-------+---------+---------+-------
        D:1 |      48 |       0 |   0.0 |      20 |       0 |   0.0
        D:2 |     123 |       0 |   0.0 |      20 |       0 |   0.0
        D:3 |      72 |       0 |   0.0 |      18 |       0 |   0.0
        D:4 |     116 |     119 |  50.6 |      18 |       1 |   5.3
        D:5 |     538 |      96 |  15.1 |      24 |       4 |  14.3
        D:6 |     576 |     100 |  14.8 |      20 |      18 |  47.4
        D:7 |     975 |       0 |   0.0 |      27 |       0 |   0.0
        D:8 |     992 |       0 |   0.0 |      37 |       0 |   0.0
        D:9 |     295 |      49 |  14.2 |      11 |       1 |   8.3
       D:10 |     585 |     161 |  21.6 |      18 |       3 |  14.3
     Lair:1 |    1740 |       0 |   0.0 |      12 |       0 |   0.0
     Lair:2 |    2746 |     393 |  12.5 |      14 |      22 |  61.1
     Lair:3 |    1659 |       0 |   0.0 |      12 |       0 |   0.0
    Ossuary |       0 |     167 | 100.0 |       0 |      32 | 100.0
            +---------+---------+-------+---------+---------+-------
